 Dungeon Crawl Stone Soup version 0.24.0-125-gc4c63601f3 (webtiles) character file.

Game seed: 12378669940829554315, levelgen mode: deterministic

240 shadizar the Chopper (level 5, -16/48 HPs)
             Began as a Minotaur Berserker on Mar 13, 2020.
             Was an Initiate of Okawaru.
             Demolished by a polar bear (20 damage)
             ... created by the rage of Trog
             ... on level 5 of the Dungeon.
             The game lasted 00:02:34 (1786 turns).

shadizar the Chopper (Minotaur Berserker)           Turns: 1786, Time: 00:02:35

Health: -16/48     AC:  2    Str: 23    XL:     5   Next: 80%
Magic:  4/4        EV: 13    Int:  4    God:    Okawaru [......]
Gold:   120        SH:  0    Dex:  9    Spells: 4/4 levels left

rFire    . . .     SeeInvis .   a - +0 hand axe
rCold    . . .     Gourm    .   (no shield)
rNeg     . . .     Faith    .   b - +0 animal skin
rPois    .         Spirit   .   (helmet restricted)
rElec    .         Reflect  .   (no cloak)
rCorr    .         Harm     .   (no gloves)
MR       .....                  (no boots)
Stlth    +.........             (no amulet)
HPRegen  0.16/turn              (no ring)
MPRegen  0.09/turn              (no ring)

@: no status effects
A: retaliatory headbutt, horns 2
a: Renounce Religion


You were on level 5 of the Dungeon.
You worshipped Okawaru.
Okawaru was noncommittal.
You were not hungry.

You visited 1 branch of the dungeon, and saw 4 of its levels.

You collected 120 gold pieces.

Inventory:

Hand Weapons
 a - a +0 hand axe (weapon)
Armour
 b - a +0 animal skin (worn)
Jewellery
 l - an uncursed ring of poison resistance {unknown}
 m - a +4 amulet of reflection {unknown}
 q - an uncursed ring of magical power {unknown}
 r - an uncursed ring of see invisible {unknown}
Scrolls
 d - a scroll of magic mapping {unknown}
 e - a scroll of remove curse {unknown}
 f - a scroll of noise {unknown}
 g - a scroll of random uselessness {unknown}
 h - a scroll of teleportation {unknown}
 i - 2 scrolls of identify {unknown}
 j - a scroll of enchant armour {unknown}
 k - a scroll of fog {unknown}
Potions
 n - a potion of berserk rage {unknown}
 o - a potion of heal wounds {unknown}
 s - a potion of might {unknown}
Comestibles
 c - 5 rations
 t - a chunk of flesh


   Skills:
 + Level 5.0 Fighting
 + Level 5.0 Axes
 + Level 4.2 Armour
 + Level 3.7 Dodging


You had 4 spell levels left.
You didn't know any spells.
Your spell library was empty.

Dungeon Overview and Level Annotations

Branches:
Dungeon (3/15)

Altars:
Hepliaklqana
Makhleb
Okawaru
Ru
Uskayaw


Innate Abilities, Weirdness & Mutations

You reflexively headbutt those who attack you in melee.
You have a pair of horns on your head.


Message History

* * * LOW HITPOINT WARNING * * *
The black bear claws you.
* * * LOW HITPOINT WARNING * * *
The black bear claws you.
* * * LOW HITPOINT WARNING * * *
The polar bear bites you.
* * * LOW HITPOINT WARNING * * *
The polar bear claws you but does no damage.
The polar bear closely misses you.
Unknown command.
Unknown command.
Unknown command.
Unknown command.
Unknown command.
Unknown command.
You closely miss the polar bear.
The polar bear is lightly wounded.
You hit the polar bear. You closely miss the black bear.
The polar bear bites you!!
You die...

# #
.#.
#.#
#.#
#.#
#.#
#h#
#h#
#@##
#hh#
#hh#
...#
..#..
.?.
.##
##.#
.# ..
.#
##h
..


You could see 2 polar bears and 4 black bears.

Vanquished Creatures
  A howler monkey (D:5)
  2 crimson imps
  4 adders
  A shadow imp (D:5)
  An ooze (D:3)
  An adder skeleton (D:2)
  2 worms (D:2)
  A dart slug (D:3)
  A leopard gecko (D:1)
  8 bats
  3 giant cockroaches
  9 goblins
  8 hobgoblins
  10 jackals
  A quokka (D:2)
  7 frilled lizards
  5 kobolds
  15 rats
80 creatures vanquished.

Notes
Turn   | Place    | Note
-------+----------+-------------------------------------------
     0 | D:1      | shadizar the Minotaur Berserker began the quest for the
                  | Orb.
     0 | D:1      | Reached XP level 1. HP: 19/19 MP: 0/0
   197 | D:1      | Reached XP level 2. HP: 27/27 MP: 1/1
   404 | D:1      | Reached ** piety under Trog
   436 | D:1      | Reached XP level 3. HP: 33/33 MP: 2/2
   849 | D:2      | Found a sacrificial altar of Ru.
   937 | D:2      | Found a burning altar of Makhleb.
   967 | D:2      | Reached XP level 4. HP: 20/41 MP: 3/3
  1425 | D:3      | Reached *** piety under Trog
  1425 | D:3      | Reached XP level 5. HP: 21/47 MP: 4/4
  1717 | D:3      | Found a hide-covered altar of Uskayaw.
  1719 | D:3      | Found an iron altar of Okawaru.
  1720 | D:3      | Found a hazy altar of Hepliaklqana.
  1738 | D:3      | Fell from the grace of Trog
  1738 | D:3      | Became a worshipper of Warmaster Okawaru
  1742 | D:3      | You fall into a shaft and drop 2 floors!
  1742 | D:5      | Entered Level 5 of the Dungeon
  1758 | D:5      | Reached skill level 5 in Fighting
  1758 | D:5      | Reached skill level 5 in Axes
  1782 | D:5      | Noticed a black bear
  1782 | D:5      | Noticed a polar bear
  1782 | D:5      | Noticed a black bear
  1782 | D:5      | Noticed a black bear
  1782 | D:5      | Noticed a polar bear
  1782 | D:5      | Noticed a black bear
  1786 | D:5      | Demolished by a polar bear

Levels and vault maps discovered:
D:1:      lightli_molten_gateway, layout_basic, minmay_rat_gold_closets
D:2:      layout_rooms, makhleb_grotto_becter, nicolae_overflow_crystal_walls,
          first_ration
D:3:      layout_basic, chequers_temple_overflow_statue_of_worship
D:5:      layout_loops_ring, lemuel_coloured_pillars_altar, uniq_blork_the_orc

Skill      XL: |  1  2  3  4  5 |
---------------+----------------+-----
Fighting       | 4 5 |  5.0
Axes           | 4 5 |  5.0
Armour         | 3 4 |  4.2
Dodging        | 3 |  3.7

Action                   |  1- 3 |  4- 6 || total
-------------------------+-------+-------++-------
Melee: Hand axe          |   111 |    74 ||   185
       Headbutt          |    10 |    12 ||    22
  Use: Potion            |       |     4 ||     4
  Eat: Chunk             |       |     3 ||     3
Armor: Animal skin       |    23 |    14 ||    37
Dodge: Dodged            |    62 |    61 ||   123
